Unix NetHack Version 3.7.0-88 Work-in-progress - last build Aug 21 2023 04:08:40 (b68ccb3e4f8f5dcb83e1e40b1ff56e7dffd4cd28,branch:master). Game began 2023-09-03 15:05:11, ended 2023-09-04 23:51:07. horga, neutral male gnomish Archeologist --------------- ..%.%..)........ ---%----......... ...%...--......... ..*%.%. --......... ....)... |.......... ..).a.... ----- ..- -@NADA..- -- -----&----- ---aA....aA.--- |....a.aAa..H.| |. ----.---- .| | |.....@$|@ | |.......| @ |...G...| |...@...| a |.......| --------- A A A Horga the Speleologist St:25 Dx:16 Co:18 In:18 Wi:18 Ch:10 Neutral Astral Plane $:0 HP:226(318) Pw:107(107) AC:-39 Xp:22/24382433 T:36152 Latest messages: The soldier ant snaps wildly and misses! The giant ant attacks a spot beside you. The renegade Angel of Camaxtli points at you, then curses. The clay golem misses! The giant ant attacks a spot beside you. Michael the invisible Knight picks up 3 diamonds. You kill the soldier ant! The giant ant strikes at thin air! The renegade Angel of Camaxtli points at you, then curses. Michael the invisible Knight picks up 4 worthless pieces of violet glass. The Angel of Huhetotl zaps you with a magic missile! The magic missile hits the giant beetle! The magic missile whizzes by you! The magic missile hits the giant ant! The priest of Huhetotl casts a spell! The priest of Huhetotl looks better. You hear a mumbled curse. You see here a soldier ant corpse. In what direction? 2 As you kick the door, it shatters to pieces! The fire ant misses! The fire ant misses! The renegade Angel of Camaxtli picks up a knife. Izchak the invisible Banneret zaps a wand of fire! The bolt of fire whizzes by you! The bolt of fire hits the fire ant. The bolt of fire misses the renegade Angel of Camaxtli. The Angel of Huhetotl zaps you with a magic missile! The magic missile hits the invisible titan. But it reflects from the invisible titan's shield! The magic missile misses the Angel of Huhetotl. The magic missile bounces! The magic missile hits the Angel of Huhetotl. The high priestess intones: "Pilgrim, you enter a sacred place!" The fire ant strikes at thin air! The invisible Death moves the renegade Angel of Camaxtli out of the way! Izchak the invisible Banneret turns to flee. The invisible titan casts a spell! The invisible Death moves the giant ant out of the way! Izchak the invisible Banneret throws a cream pie! A cream pie misses you. There is a high altar to Camaxtli (neutral) here. What do you want to sacrifice? [Y or ?*] Y You offer the Amulet of Yendor to Camaxtli... An invisible choir sings, and you are bathed in radiance... The voice of Camaxtli booms out: "Mortal, thou hast done well!" "In return for thy service, I grant thee the gift of Immortality!" You ascend to the status of Demigod... Do you want to see the dungeon overview? [ynq] (y) y Inventory: Amulets m - an uncursed amulet of guarding p - a cursed amulet of life saving (being worn) Weapons W - 10 blessed poisoned rustproof +6 shuriken A - the blessed +7 Grayswandir (wielded in right hand) B - a blessed +6 silver saber (wielded in left hand) Armor z - a blessed fireproof +7 elven leather helm (being worn) x - a blessed rustproof +4 pair of gauntlets of power (being worn) S - an uncursed fireproof +4 pair of speed boots (being worn) E - a blessed fireproof +4 cloak of magic resistance (being worn) N - a blessed +5 Hawaiian shirt with a bird of paradise motif (being worn) U - a blessed +4 silver dragon scale mail (being worn) Comestibles J - 2 uncursed C-rations q - 3 uncursed lumps of royal jelly L - an uncursed lizard corpse Potions o - 2 blessed diluted potions of full healing Rings c - an uncursed ring of conflict Z - a blessed ring of free action (on right hand) l - a cursed ring of levitation f - an uncursed ring of shock resistance w - a cursed ring of slow digestion T - an uncursed ring of teleport control Wands F - an uncursed wand of cancellation (0:3) g - a cursed wand of death named -3 (1:3) u - an uncursed wand of digging (0:2) i - an uncursed wand of magic missile (0:4) G - an uncursed wand of sleep (0:6) t - an uncursed wand of striking (0:5) j - an uncursed wand of teleportation (0:1) Tools b - a blessed bag of holding containing 64 items M - the uncursed Bell of Opening (0:2) v - the uncursed Candelabrum of Invocation (0 of 7 candles attached) a - a blessed magic lamp (lit) C - an uncursed magic marker (0:59) Q - the blessed Orb of Detection (0:5) k - a cursed skeleton key s - an uncursed stethoscope P - an uncursed towel h - a blessed +0 unicorn horn Gems/Stones V - an uncursed luckstone Contents of the bag of holding: 166 gold pieces an uncursed amulet of reflection a blessed fireproof +4 pair of gauntlets of dexterity an uncursed +0 pair of water walking boots an uncursed +0 robe 7 uncursed C-rations 3 uncursed food rations 2 uncursed K-rations an uncursed lizard corpse 11 blessed scrolls of blank paper 5 uncursed scrolls of blank paper 6 cursed scrolls of blank paper a blessed scroll of charging 5 blessed scrolls of identify a blessed scroll of remove curse an uncursed scroll of remove curse 2 uncursed scrolls of scare monster 2 cursed scrolls of teleportation an uncursed diluted potion of booze 3 blessed diluted potions of extra healing a blessed potion of restore ability 9 potions of holy water 4 potions of unholy water an uncursed ring of conflict an uncursed ring of levitation an uncursed ring of polymorph control an uncursed ring of regeneration an uncursed ring of regeneration an uncursed ring of shock resistance an uncursed wand of cold (0:8) an uncursed wand of cold named -1? (0:5) an uncursed wand of cold (0:2) an uncursed wand of create monster (0:12) an uncursed wand of digging (0:6) an uncursed wand of digging (0:5) an uncursed wand of digging (0:5) an uncursed wand of digging (0:5) an uncursed wand of digging (0:5) an uncursed wand of fire (0:6) an uncursed wand of fire (0:6) an uncursed wand of fire (0:5) an uncursed wand of lightning (0:7) an uncursed wand of lightning (0:5) an uncursed wand of lightning named -1 (0:4) an uncursed wand of lightning (0:4) an uncursed wand of lightning (0:3) an uncursed wand of magic missile (0:6) an uncursed wand of magic missile (0:6) an uncursed wand of magic missile (0:5) an uncursed wand of polymorph named -1 (0:6) an uncursed wand of polymorph (0:1) an uncursed wand of sleep (0:5) an uncursed wand of sleep (0:4) an uncursed wand of sleep (0:4) an uncursed wand of sleep named -1 (0:3) an uncursed wand of slow monster (0:6) an uncursed wand of striking (0:5) an uncursed wand of striking named -1 (0:5) an uncursed wand of striking (0:4) an uncursed wand of striking (0:4) an uncursed wand of teleportation (0:8) an uncursed wand of wishing (1:2) an uncursed magic marker (0:44) an uncursed magic marker (0:7) Horga the Archeologist's attributes: Background: You were a Speleologist, a level 22 male gnomish Archeologist. You were neutral, on a mission for Camaxtli who was opposed by Quetzalcoatl (lawful) and Huhetotl (chaotic). You were in the endgame, on the Astral Plane. You entered the dungeon 36152 turns ago. It was nighttime. You had 24382433 experience points, 5617567 more were needed for level 23. Basics: You had 226 out of 318 hit points. You had all 107 energy points (spell power). Your armor class was -39. Your wallet was empty, but you had 166 zorkmids stashed away in your pack. Autopickup was off. Final Characteristics: Your strength was 25 (base:18/17, innate limit:18/50). Your dexterity was 16 (limit:18). Your constitution was 18 (limit:18). Your intelligence was 18 (limit:19). Your wisdom was 18 (limit:18). Your charisma was 10 (limit:18). Final Status: You were not hungry. You were unencumbered. You were wielding two weapons at once. Your skill in saber was limited by being basic with two weapons. Final Attributes: You were piously aligned. You were magic-protected. You were fire resistant. You were cold resistant. You were sleep resistant. You were disintegration resistant. You were shock resistant. You were poison resistant. You resisted hallucinations. You saw invisible. You were telepathic. You had automatic searching. You had infravision. You were invisible to others. You were stealthy. You had a moderate defense bonus (+8). You were warded. You took half spell damage. You were very fast. You had reflection. You had free action. Your life would have been saved. You were extremely lucky. You had extra luck. Bad luck did not time out for you. Good luck did not time out for you. You survived. Miscellaneous: You never encountered a bones level. Total elapsed playing time was 11 hours and 11 minutes. Major events: Turn 1: horga the neutral male gnomish Archeologist entered the dungeon 766: entered the Gnomish Mines 1784: attained the rank of Field Worker (level 3) 3712: reached Mine Town 4726: attained the rank of Investigator (level 6) 6921: entered Sokoban 9752: acquired the Mines' End luckstone 11005: Trahnil, the hardware store proprietor, has been killed 11088: Aned, the hardware store proprietor, has been killed 12064: Kilgarvan, the second-hand bookstore proprietrix, has been killed 12754: completed 1st Sokoban level 13322: completed 2nd Sokoban level 13696: completed 3rd Sokoban level 14051: attained the rank of Exhumer (level 10) 14698: completed 4th Sokoban level 14930: acquired the Sokoban bag of holding 18951: was bestowed with Vorpal Blade by Camaxtli 19462: killed Medusa 20757: made his first wish - "blessed fixed greased +2 Grayswandir", got "a greased silver saber named Grayswandir" 20760: wished for "blessed fixed greased +2 silver dragon scale mail", got "a greased silver dragon scale mail" 21967: attained the rank of Excavator (level 14) 23291: wished for "uncursed magic marker", got "a magic marker" 26822: found the Orb of Detection on the floor 26823: killed the Minion of Huhetotl 26823: acquired the Bell of Opening 29696: entered Gehennom 30247: wished for "blessed fixed greased +2 gauntlets of power", got "a greased pair of old gloves" 31097: killed Asmodeus 31400: killed the invisible Juiblex 32001: killed Baalzebub 32270: destroyed Vlad the Impaler 32271: acquired the Candelabrum of Invocation 32364: found Sunsword carried by a monster 32796: killed Orcus 33518: attained the rank of Spelunker (level 18) 34388: killed the Wizard of Yendor 34389: acquired the Book of the Dead 34434: performed the invocation 34578: killed the high priest of Moloch 34581: acquired The Amulet of Yendor 34749: killed the Wizard of Yendor (2nd time) 35140: attained the rank of Speleologist (level 22) 35287: wished for "uncursed magic marker", got "a magic marker" 35489: killed the Wizard of Yendor (3rd time) 35760: entered the Elemental Planes 35760: entered Plane of Earth 35804: entered Plane of Air 35870: entered Plane of Fire 35875: killed the Wizard of Yendor (5th time) 35922: entered Plane of Water 36083: entered the Astral Plane 36096: killed the invisible Death 36116: killed the invisible Death (2nd time) 36131: killed the invisible Death (3rd time) 36152: ascended Vanquished creatures: Asmodeus Baalzebub Orcus Juiblex the Wizard of Yendor (5 times) Death (4 times) Vlad the Impaler 3 arch-liches a high cleric a mastodon Medusa 2 krakens an Archon an iron golem 2 master liches a ki-rin 6 storm giants a titan 2 glass golems 2 balrogs the Minion of Huhetotl a purple worm 3 gold dragons 2 silver dragons 4 red dragons a white dragon 5 orange dragons 7 black dragons a blue dragon 2 green dragons a yellow dragon 22 minotaurs a jabberwock 2 baluchitheria an Angel 7 demiliches a stone golem 3 master mind flayers an Olog-hai 3 pit fiends 4 sandestins a displacer beast 2 titanotheres 3 trappers a baby gold dragon a baby black dragon 2 guardian nagas a genetic engineer 4 disenchanters 16 vampire leaders 5 skeletons 3 shopkeepers 14 aligned clerics 2 captains 6 shades 7 liches 4 nurses 7 ice devils 5 nalfeshnees 2 lurkers above 2 Aleaxes a frost giant 3 ettins a golden naga 2 black puddings 26 vampires 6 lieutenants a watch captain 35 ghosts 2 queen bees 3 winged gargoyles a mind flayer 6 giant mimics 5 long worms 2 zruties 4 fire giants 3 ogre tyrants a rock troll 4 umber hulks 2 flesh golems 7 elven monarchs 4 doppelgangers 3 hezrous 5 bone devils 10 large mimics 3 wumpuses 2 fire vortices a baby purple worm 3 couatls 8 stalkers 5 air elementals 4 fire elementals an earth elemental 16 water elementals 10 hill giants 2 giant mummies 4 black nagas 4 xorns 20 giant zombies 7 elf-nobles 9 sergeants a water demon 4 barbed devils 8 vrocks 4 salamanders 14 wargs 2 winter wolves 3 hell hound pups 15 small mimics 3 warhorses 2 steam vortices 9 xans 4 ettin mummies 4 ogre leaders 9 quantum mechanics 13 trolls a sasquatch 3 erinyes 4 mariliths 4 sharks 3 electric eels 4 gelatinous cubes 8 pyrolisks a large dog a freezing sphere 7 flaming spheres 6 shocking spheres 2 large cats 6 tigers 7 gargoyles 4 tengu 2 ochre jellies 5 leocrottas 2 energy vortices 4 mountain centaurs 6 stone giants 5 elf mummies 27 human mummies 3 red nagas 2 green slimes 12 pythons 7 pit vipers a cobra 45 wraiths 2 carnivorous apes 13 ettin zombies 4 leather golems 6 Grey-elves 53 soldiers 4 watchmen an amorous demon 5 horned devils 3 chameleons 6 crocodiles 6 giant beetles 5 quivering blobs 14 cockatrices 15 wolves 3 winter wolf cubs 4 lynxes 3 panthers 6 gremlins a spotted jelly 8 leprechauns an orc-captain 4 iron piercers 3 mumakil 9 giant spiders 6 scorpions 2 horses an ice vortex a baby long worm 4 black lights 9 vampire bats 4 forest centaurs 3 gnome rulers 5 orc mummies 6 dwarf mummies 9 ogres 2 brown puddings 8 rust monsters 5 owlbears a yeti a gold golem 2 werewolves 7 Green-elves 2 piranha 8 giant eels 11 lizards a chickatrice a dingo 2 dogs 5 housecats 8 jaguars 2 blue jellies 4 white unicorns a gray unicorn 3 black unicorns 6 dust vortices 31 ravens 6 gnome mummies 37 snakes 9 water moccasins 9 apes 18 human zombies 6 Woodland-elves 11 soldier ants 7 fire ants 3 bugbears an imp 3 quasits 4 wood nymphs 3 water nymphs 6 mountain nymphs 8 Mordor orcs 10 Uruk-hai 5 rock piercers 6 rock moles 3 ponies 7 fog clouds 12 yellow lights a shrieker 5 violet fungi 4 gnome leaders 5 kobold mummies a golden naga hatchling 6 gray oozes 2 barrow wights 12 elf zombies 11 ghouls a straw golem a paper golem 4 jellyfish 29 giant ants 13 floating eyes a kitten 11 dwarves 5 homunculi 2 kobold leaders 2 kobold shamans 16 hill orcs 29 rothes 4 rabid rats 5 giant bats 7 monkeys 22 orc zombies 15 dwarf zombies 2 werejackals 13 iguanas 57 killer bees 2 acid blobs 8 coyotes 3 gas spores 10 hobbits 22 manes a large kobold 3 hobgoblins 10 giant rats 11 cave spiders 3 brown molds 2 yellow molds a green mold a red mold 16 gnomes 29 garter snakes 16 gnome zombies 14 geckos 20 jackals 5 foxes a kobold 3 goblins 4 sewer rats 10 grid bugs 6 bats 17 lichens 13 kobold zombies 23 newts 1766 creatures vanquished. Extinct species: erinyes (extinct) 1 species extinct. Voluntary challenges: You read items or engraved 187 times. You engraved Elbereth 52 times. You never genocided any monsters. You never changed form. You used 5 wishes (1 for an artifact). You violated the special Sokoban rules once. Achievements: You entered a shop. You entered the Gnomish Mines. You attained the rank of Field Worker. You entered Minetown. You entered a temple. You attained the rank of Investigator. You entered Sokoban. You completed the Gnomish Mines. You attained the rank of Exhumer. You completed Sokoban. You defeated Medusa. You attained the rank of Excavator. You had the Bell of Opening. You entered Gehennom. You had the Candelabrum of Invocation. You attained the rank of Spelunker. You handled the Book of the Dead. You gained access to Moloch's Sanctum. You attained the rank of Speleologist. You reached the Elemental Planes. You reached the Astral Plane. You delivered the Amulet of Yendor. You ascended! The Elemental Planes: Astral Plane: <- You are here. A temple to Camaxtli. Plane of Water: Plane of Fire: Plane of Air: Plane of Earth: The Dungeons of Doom: levels 1 to 26 Level 1: "vault" One way stairs up to The Elemental Planes. Level 2: A weapon shop, a fountain. Level 3: An armor shop. Stairs down to The Gnomish Mines. Level 4: An untended shop. Level 5: A fountain. Level 6: "oracle" Oracle of Delphi. Level 7: "vaultloot" An armor shop. Stairs up to Sokoban, level 6. Level 8: A scroll shop, an altar to Camaxtli. Level 9: An altar to Camaxtli. Level 10: Level 11: A general store. Level 12: Portal to The Quest. Level 13: Some fountains, many graves. Level 14: A sink. Level 15: A grave. Level 16: A fountain. Level 17: A primitive area. Level 18: "2 polytrap" A fountain, a sink. Level 19: Some fountains. Level 20: An altar to Camaxtli, a fountain, a grave. Level 21: Level 22: A fountain, many trees. Level 23: Level 24: Level 25: A fountain, a grave. Level 26: A fountain. The castle. Gehennom: levels 27 to 50 Level 27: A temple, many graves. Valley of the Dead. Level 28: Level 29: Level 30: Level 31: Level 32: A fountain. Level 33: Level 34: Level 35: Level 36: Stairs up to Vlad's Tower, level 35. Level 37: Level 38: Level 39: Level 40: Level 41: Some shops, an altar, many graves. Level 42: Level 43: Level 44: Level 45: Level 46: Level 47: Level 48: Level 49: Level 50: A temple, many graves. Moloch's Sanctum. The Gnomish Mines: levels 4 to 12 Level 4: Level 5: Level 6: Level 7: Many shops, a temple to Camaxtli, some fountains. Level 8: Level 9: "polytrap" Level 10: Level 11: Level 12: A fountain. The Quest: levels 1 to 6 Level 1: A throne. Completed quest for Lord Carnarvon. Level 2: Level 3: Many temples. Level 4: Level 5: Level 6: A temple. Sokoban: levels 6 up to 3 Level 3: Solved. Level 4: Solved. Level 5: Solved. Level 6: Solved. Vlad's Tower: levels 35 up to 33 Level 33: Level 34: Level 35: Goodbye horga the Demigod... You went to your reward with 2054504 points, The Candelabrum of Invocation (worth 5000 zorkmids and 12500 points) Grayswandir (worth 8000 zorkmids and 20000 points) The Bell of Opening (worth 5000 zorkmids and 12500 points) The Orb of Detection (worth 2500 zorkmids and 6250 points) 1 amulet of life saving (worth 150 zorkmids), 1 amulet of reflection (worth 150 zorkmids), 1 amulet of guarding (worth 150 zorkmids), and 166 pieces of gold, after 36152 moves. You were level 22 with a maximum of 318 hit points when you ascended.